 Dungeon Crawl Stone Soup version 0.24-a0-10-gb84795d (webtiles) character file.

Game seed: 3625089959694615893

42 ohad the Chopper (level 3, -8/29 HPs)
             Began as a Formicid Fighter on Jan 31, 2019.
             Killed by divine providence
             ... invoked by an orc priest
              (17 damage)
             ... on level 1 of the Dungeon.
             The game lasted 00:01:56 (867 turns).

ohad the Chopper (Formicid Fighter)                  Turns: 867, Time: 00:01:57

Health: -8/29      AC:  6    Str: 20    XL:     3   Next: 80%
Magic:  3/3        EV:  7    Int:  7    God:
Gold:   45         SH:  9    Dex: 11    Spells: 2/2 levels left

rFire    . . .     SeeInvis +   a - +0 war axe
rCold    . . .     Gourm    .   c - +0 shield
rNeg     . . .     Faith    .   b - +0 scale mail
rPois    .         Spirit   .   (helmet unavailable)
rElec    .         Reflect  .   (no cloak)
rCorr    .         Harm     .   (no gloves)
MR       .....                  (no boots)
Stlth    ..........             (no amulet)
HPRegen  0.09/turn              (no ring)
MPRegen  0.08/turn              (no ring)

@: no status effects
A: permanent stasis, dig shafts and tunnels, four strong arms, antennae 3
a: Dig, Shaft Self


You were on level 1 of the Dungeon.
You were not hungry.

You visited 1 branch of the dungeon, and saw 2 of its levels.

You collected 45 gold pieces.

Inventory:

Hand Weapons
 a - a +0 war axe (weapon)
 h - a +0 dagger of freezing
Missiles
 m - 5 poisoned needles
Armour
 b - a +0 scale mail (worn)
 c - a +0 shield (worn)
Scrolls
 j - a scroll of amnesia {unknown}
 l - a scroll of identify {unknown}
Potions
 d - a potion of might
 e - 2 potions of brilliance {unknown}
 i - a potion of resistance {unknown}
 k - a potion of lignification {unknown}
Comestibles
 f - 4 rations


   Skills:
 - Level 3.2 Fighting
 + Level 3.8 Axes
 - Level 3.2 Armour
 - Level 3.6 Shields


You had 2 spell levels left.
You didn't know any spells.
Your spell library was empty.

Dungeon Overview and Level Annotations

Branches:
Dungeon (2/15)

Altars:


Innate Abilities, Weirdness & Mutations

You cannot be hasted, slowed, berserked, paralysed or teleported.
You can dig through walls and to a lower floor.
Your four strong arms can wield two-handed weapons with a shield.
You have a pair of large antennae on your head. (SInv)


Message History

You block the orc priest's attack.
You hit the orc priest but do no damage.
The orc priest hits you with a +0 falchion.
The orc priest hits you but does no damage.
You hit the orc priest.
The orc priest is moderately wounded.
The orc priest barely misses you.
Your shield and scale mail prevent you from hitting the orc priest.
The orc priest is moderately wounded.
The orc priest hits you with a +0 falchion.
You hit the orc priest but do no damage.
The orc priest is moderately wounded.
You block the orc priest's attack.
Your shield and scale mail prevent you from hitting the orc priest.
The orc priest is moderately wounded.
The orc priest hits you but does no damage.
The orc priest mumbles some strange prayers to Beogh against you.
Beogh smites you!
Ouch! That really hurt!
You die...

#.# #.# #.#
######## #.#
#.# #......#
#.# ##.#
#......# #.#
#..# ##......#
#.# #.##
#...##### #.#
#.# #.#.# #.#
#.# ##.#.# #.#
##.#
##)@o.#### #[#
#..#
#..[.....#
##.# ##.##
#........#
##..# ##..#
#........#
#..## #..##
###....)...#
#.## ##.##
#..........#
#.# #รท.#
##..........#
#.# # #.##
##...........#
#.# # #.#
#...##..######
#.#


You could see an orc priest.

Vanquished Creatures
  An ooze (D:1)
  2 dart slugs (D:1)
  3 orcs
  3 bats
  A giant cockroach (D:1)
  5 goblins
  4 hobgoblins
  2 kobolds (D:1)
  A quokka (D:2)
  5 rats (D:1)
27 creatures vanquished.

Notes
Turn   | Place    | Note
-------+----------+-------------------------------------------
     0 | D:1      | ohad the Formicid Fighter began the quest for the Orb.
     0 | D:1      | Reached XP level 1. HP: 18/18 MP: 1/1
   102 | D:1      | Reached XP level 2. HP: 23/24 MP: 2/2
   262 | D:1      | Reached XP level 3. HP: 25/29 MP: 3/3
   867 | D:1      | Killed from afar by an orc priest

Vault maps used:
D:1:      wander_arrival_lonely_grave
D:2:      minmay_alternating_diamond, uniq_terence, uniq_robin, uniq_natasha

Skill      XL: |  1  2 |
---------------+-------+-----
Axes           | 3 |  3.8
Fighting       | |  3.2
Armour         | |  3.2
Shields        | |  3.6

Action                   || total
-------------------------++-------
Melee: War axe           ||    81
Armor: Scale mail        ||    49
Dodge: Dodged            ||    23
Block: Shield            ||    53

Table legend:
 A = Non-vault XP
 B = Vault XP
 C = Vault XP percentage of total XP
 D = Non-vault monster count
 E = Vault monster count
 F = Vault count percentage of total count
                 A         B        C        D         E       F
            +---------+---------+-------+---------+---------+-------
      Total |      61 |       0 |   0.0 |      27 |       0 |   0.0
            +---------+---------+-------+---------+---------+-------
        D:1 |      50 |       0 |   0.0 |      22 |       0 |   0.0
        D:2 |      11 |       0 |   0.0 |       5 |       0 |   0.0
            +---------+---------+-------+---------+---------+-------
